 Dungeon Crawl Stone Soup version 0.29.1-2-gbd0b4ee654 (webtiles) character file.

Game seed: 7879983933266900144

1164 RUZZLEFAZAZZLE the Shield-Bearer (level 8, -5/67 HPs)
             Began as a Gnoll Fighter on Nov 26, 2022.
             Slain by a vampire (11 damage)
             ... on level 5 of the Dungeon.
             The game lasted 00:11:48 (5081 turns).

RUZZLEFAZAZZLE the Shield-Bearer (Gnoll Fighter)    Turns: 5081, Time: 00:11:49

Health: -5/67      AC: 17    Str: 31    XL:     8   Next: 40%
Magic:  13/13      EV:  8    Int:  7    God:
Gold:   168        SH:  5    Dex: 11    Spells: 13/13 levels left

rFire   . . .      SeeInvis .   m - +6 hammer of the Heavens {drain, rPois rC+++ Will-}
rCold   + + +      Faith    .   c - +0 buckler
rNeg    . . .      Spirit   .   s - +1 plate armour
rPois   +          Reflect  .   (no helmet)
rElec   .          Harm     .   p - +2 cloak
rCorr   .          Rampage  .   (no gloves)
Will    .....                   (no boots)
Stlth   ..........              (no amulet)
HPRegen 0.21/turn               e - +6 ring of strength
MPRegen 0.13/turn               q - +6 ring of strength

@: silenced
A: fangs 1, strong nose, distributed training
a: no special abilities


You were on level 5 of the Dungeon.
You visited 1 branch of the dungeon, and saw 5 of its levels.

You collected 184 gold pieces.
You spent 16 gold pieces at shops.

Inventory:

Hand Weapons
 a - a +0 war axe of draining
 i - the +8 short sword of the Burnt God {flame, rN+++ Str+6 Int-2}
   (You found it on level 3 of the Dungeon)

   It burns those it strikes, dealing additional fire damage.
   Str:       It affects your strength (+6).
   Int:       It affects your intelligence (-2).
   rN:        It renders you almost immune to negative energy.
 m - the +6 hammer of the Heavens (weapon) {drain, rPois rC+++ Will-}
   (You found it on level 2 of the Dungeon)

   A truly terrible weapon, it drains the life of any living foe it strikes.
   rC:        It renders you almost immune to cold.
   rPois:     It protects you from poison.
   Will:      It decreases your willpower.
 o - a +2 quarterstaff of chaos
Armour
 c - a +0 buckler (worn)
 p - a +2 cloak (worn)
 s - a +1 plate armour (worn)
Jewellery
 e - a +6 ring of strength (left hand)
 j - a +6 ring of intelligence
 k - a ring of positive energy
 q - a +6 ring of strength (right hand)
Scrolls
 b - a scroll of silence
 d - a scroll of fog
 f - 2 scrolls of teleportation
 h - 2 scrolls of magic mapping
 l - 2 scrolls of identify
Potions
 g - 4 potions of brilliance
 n - 3 potions of haste


   Skills:
 + Level 7.4 Fighting
 + Level 3.3 Short Blades
 + Level 3.3 Long Blades
 + Level 5.7 Axes
 + Level 3.3 Maces & Flails
 + Level 3.3 Polearms
 + Level 3.3 Staves
 + Level 3.3 Ranged Weapons
 + Level 3.3 Throwing
 + Level 7.4 Armour
 + Level 3.3 Dodging
 + Level 3.3 Stealth
 + Level 7.4 Shields
 + Level 3.3 Unarmed Combat
 + Level 3.3 Spellcasting
 + Level 2.7 Conjurations
 + Level 2.7 Hexes
 + Level 2.7 Summonings
 + Level 2.7 Necromancy
 + Level 2.7 Translocations
 + Level 2.7 Transmutations
 + Level 2.7 Fire Magic
 + Level 2.7 Ice Magic
 + Level 2.7 Air Magic
 + Level 2.7 Earth Magic
 + Level 2.7 Poison Magic
 + Level 3.7 Invocations
 + Level 3.3 Evocations


You had 13 spell levels left.
You didn't know any spells.
Your spell library contained the following spells:

 Spells                   Type           Power      Damage    Failure   Level
 Beastly Appendage        Tmut           10%        N/A       71%         1
 Blink                    Tloc           10%        N/A       85%         2
 Wereblood                Tmut           5%         N/A       85%         2
 Spider Form              Tmut/Pois      5%         N/A       97%         3
 Anguish                  Hex/Necr       2%         N/A       100%        4
 Manifold Assault         Tloc           5%         N/A       100%        5
 Enfeeble                 Hex            2%         N/A       100%        7
 Storm Form               Tmut/Air       2%         N/A       100%        7


Dungeon Overview and Level Annotations

Branches:
Dungeon (5/15)
 Temple: D:4-7

Altars:
Ru

Shops:
D:2 *


Innate Abilities, Weirdness & Mutations

You have very sharp teeth.
Your uncanny sense of smell can sniff out nearby items.
Your experience applies equally to all skills.


Message History

The vampire bites you but does no damage.
As you read the scroll of silence, it crumbles to dust.
A profound silence engulfs you. You block the vampire's attack.
The vampire bites you but does no damage.
Magic scrolls do not work when you're silenced!
The vampire attacks as you move away! The vampire barely misses you.
The vampire bites you but does no damage.
You hit the vampire.
The vampire is lightly damaged.
The vampire hits you.
* * * LOW HITPOINT WARNING * * *
The vampire bites you.
* * * LOW HITPOINT WARNING * * *
The vampire draws strength from your injuries!
The vampire hits you but does no damage.
The vampire barely misses you.
You feel better.
The vampire hits you but does no damage.
The vampire bites you!
* * * LOW HITPOINT WARNING * * *
The vampire draws strength from your injuries!
You closely miss the vampire. You block the vampire's attack.
The vampire closely misses you.
You hit the vampire but do no damage. The vampire barely misses you.
The vampire bites you but does no damage.
You barely miss the vampire. Your bite misses the vampire.
The vampire closely misses you. You block the vampire's attack.
You barely miss the vampire. The vampire barely misses you.
The vampire closely misses you. You block the vampire's attack.
The vampire bites you but does no damage.
You hit the vampire.
The vampire is lightly damaged.
The vampire seems to be listening.
The vampire barely misses you. The vampire bites you.
* * * LOW HITPOINT WARNING * * *
The vampire draws strength from your injuries!
You hit the vampire but do no damage.
The vampire hits you but does no damage.
The vampire bites you!
You die...

### ..! ###.#
#.. # ###...#
#.. # #.....#
#.## #########
......#
#..#####.<......
......#
##.......>.#####
.....##
##..###......#
..####
##V.###.......#
### #@###
##.....## ###
###..## ####


You could see a vampire.

Vanquished Creatures
  Pikel (D:5)
  Sigmund (D:5)
  A water moccasin (D:4)
  2 scorpions (D:5)
  Crazy Yiuf (D:2)
  2 hounds (D:5)
  A gnoll bouda (D:4)
  2 iguanas
  6 gnolls
  6 adders
  A shadow imp (D:5)
  4 worms
  2 dart slugs
  8 orcs
  3 bats
  5 endoplasms
  2 giant cockroaches
  5 goblins
  5 hobgoblins
  2 quokkas
  7 ball pythons
  4 frilled lizards
  3 kobolds
  4 rats
78 creatures vanquished.

Vanquished Creatures (others)
  A plant (D:2)
1 creature vanquished.

Grand Total: 79 creatures vanquished

Notes
Turn   | Place    | Note
-------+----------+-------------------------------------------
     0 | D:1      | RUZZLEFAZAZZLE the Gnoll Fighter began the quest for the
                  | Orb.
     0 | D:1      | Reached XP level 1. HP: 23/23 MP: 1/1
   318 | D:1      | Found a faded altar of an unknown god.
   452 | D:1      | Reached XP level 2. HP: 29/29 MP: 2/2
  1192 | D:2      | Found Fazxinn's Assorted Antiques.
  1211 | D:2      | Bought a scroll labelled QAGIEP JUESOSU for 16 gold pieces
  1414 | D:2      | Reached XP level 3. HP: 35/35 MP: 2/4
  1452 | D:2      | Reached skill level 1 in Invocations
  1804 | D:2      | Identified the +6 hammer of the Heavens {drain, rPois rC+++
                  | Will-}
  1805 | D:2      | Found a runed translucent door.
  1812 | D:2      | Noticed Crazy Yiuf
  1824 | D:2      | Killed Crazy Yiuf
  1825 | D:2      | Reached skill level 1 in Short Blades
  1825 | D:2      | Reached skill level 1 in Long Blades
  1825 | D:2      | Reached skill level 1 in Maces & Flails
  1825 | D:2      | Reached skill level 1 in Polearms
  1825 | D:2      | Reached skill level 1 in Staves
  1825 | D:2      | Reached skill level 1 in Ranged Weapons
  1825 | D:2      | Reached skill level 1 in Throwing
  1825 | D:2      | Reached skill level 1 in Dodging
  1825 | D:2      | Reached skill level 1 in Stealth
  1825 | D:2      | Reached skill level 1 in Unarmed Combat
  1825 | D:2      | Reached skill level 1 in Spellcasting
  1825 | D:2      | Reached skill level 1 in Evocations
  1825 | D:2      | Reached XP level 4. HP: 20/41 MP: 5/5
  2436 | D:3      | Reached skill level 1 in Conjurations
  2436 | D:3      | Reached skill level 1 in Hexes
  2436 | D:3      | Reached skill level 1 in Summonings
  2436 | D:3      | Reached skill level 1 in Necromancy
  2436 | D:3      | Reached skill level 1 in Translocations
  2436 | D:3      | Reached skill level 1 in Transmutations
  2436 | D:3      | Reached skill level 1 in Fire Magic
  2436 | D:3      | Reached skill level 1 in Ice Magic
  2436 | D:3      | Reached skill level 1 in Air Magic
  2436 | D:3      | Reached skill level 1 in Earth Magic
  2436 | D:3      | Reached skill level 1 in Poison Magic
  2499 | D:3      | Identified the +8 short sword of the Burnt God {flame,
                  | rN+++ Str+6 Int-2}
  3015 | D:4      | Reached XP level 5. HP: 35/47 MP: 7/7
  3208 | D:4      | Found a sacrificial altar of Ru.
  3637 | D:4      | Noticed a water moccasin
  3645 | D:4      | Killed a water moccasin
  3646 | D:4      | Reached skill level 5 in Axes
  3646 | D:4      | Reached XP level 6. HP: 40/53 MP: 7/9
  4015 | D:5      | Entered Level 5 of the Dungeon
  4317 | D:5      | Reached XP level 7. HP: 60/60 MP: 10/10
  4725 | D:5      | Noticed Sigmund
  4731 | D:5      | Killed Sigmund
  4841 | D:5      | Noticed Pikel
  4856 | D:5      | Killed Pikel
  4857 | D:5      | Reached XP level 8. HP: 56/67 MP: 11/13
  5052 | D:5      | Noticed a vampire
  5081 | D:5      | Slain by a vampire

Illustrated notes

Levels and vault maps discovered:
D:1:      mrwooster_arrival_statue, layout_loops_ring,
          shapermc_ecumenical_altar_mp_highgroup
D:2:      layout_loops_ring, serial_shops, nicolae_shop_overgrown_old_shop,
          minmay_misc_feat_four_crosses, dk_vineyard_1, minmay_tromino_v2,
          uniq_crazy_yiuf_cottage
D:3:      layout_basic
D:4:      layout_basic, lemuel_doored_altar, serial_curves, eino_curves_04,
          eino_curves_01
D:5:      layout_cave_pods, uniq_pikel, uniq_sigmund

Skill      XL: |  1  2  3  4  5  6  7 |
---------------+----------------------+-----
Invocations    | 1 2 3 |  3.7
Short Blades   | 1 2 3 |  3.3
Long Blades    | 1 2 3 |  3.3
Maces & Flails | 1 2 3 |  3.3
Polearms       | 1 2 3 |  3.3
Staves         | 1 2 3 |  3.3
Ranged Weapons | 1 2 3 |  3.3
Throwing       | 1 2 3 |  3.3
Dodging        | 1 2 3 |  3.3
Stealth        | 1 2 3 |  3.3
Unarmed Combat | 1 2 3 |  3.3
Spellcasting   | 1 2 3 |  3.3
Evocations     | 1 2 3 |  3.3
Conjurations   | 1 2 |  2.7
Hexes          | 1 2 |  2.7
Summonings     | 1 2 |  2.7
Necromancy     | 1 2 |  2.7
Translocations | 1 2 |  2.7
Transmutations | 1 2 |  2.7
Fire Magic     | 1 2 |  2.7
Ice Magic      | 1 2 |  2.7
Air Magic      | 1 2 |  2.7
Earth Magic    | 1 2 |  2.7
Poison Magic   | 1 2 |  2.7
Axes           | 5 |  5.7
Fighting       | 7 |  7.4
Armour         | 7 |  7.4
Shields        | 7 |  7.4

Action                   |  1- 3 |  4- 6 |  7- 9 || total
-------------------------+-------+-------+-------++-------
Melee: War axe           |    71 |       |       ||    71
       Bite              |     7 |     5 |     4 ||    16
       Mace              |     8 |    97 |    41 ||   146
  Use: Scroll            |     5 |     4 |     3 ||    12
       Potion            |     1 |     2 |     3 ||     6
Armor: Scale mail        |    26 |       |       ||    26
       Chain mail        |    12 |     2 |       ||    14
       Plate armour      |       |    58 |    41 ||    99
       Skin              |       |       |     2 ||     2
Dodge: Dodged            |    29 |    38 |    29 ||    96
Block: Buckler           |    18 |    32 |    15 ||    65
